 Dungeon Crawl Stone Soup version 0.28-a0-1447-ga5a8893891 (webtiles) character file.

Game seed: 6484711657148169681

1158 Zonian the Ducker (level 8, -10/50 HPs)
             Began as a Djinni Ice Elementalist on Jan 12, 2022.
             Was a Follower of Ashenzari.
             Mangled by a wight (15 damage)
             ... on level 5 of the Dungeon.
             The game lasted 00:18:33 (12539 turns).

Zonian the Ducker (Djinni Ice Elementalist)        Turns: 12539, Time: 00:18:34

Health: -10/50     AC:  4    Str:  7    XL:     8   Next: 66%
Gold:   78         EV: 17    Int: 25    God:    Ashenzari [*.....] SH:  0 Dex: 20

rFire   + + .      SeeInvis .   p - +4 dagger (flame)
rCold   x . .      Faith    .   (no shield)
rNeg    . . .      Spirit   .   r - +1 robe {Will+}
rPois   ∞          Reflect  .   o - +0 helmet
rElec   .          Harm     .   (no cloak)
rCorr   .          Rampage  .   (no gloves)
Will    +....                   (boots unavailable)
Stlth   ++++......              (no amulet)
HPRegen 0.16/turn               e - ring "Bound With Me" {Dex+6, Cun, Evo} (curse)
MPRegen 0.00/turn               b - ring of Ashenzari's Doubts {Int+6, Evo, Melee} (curse)

@: flying
A: sickness immunity, fire resistance 2, cold vulnerability 1, float, innate
caster, hp casting, extra vitality 1
a: Renounce Religion, Shatter the Chains


You were on level 5 of the Dungeon.
You worshipped Ashenzari.
Ashenzari was aware of your devotion.
You visited 2 branches of the dungeon, and saw 7 of its levels.

You collected 289 gold pieces.
You spent 211 gold pieces at shops.

Inventory:

Hand Weapons
 c - a +0 dagger
 h - a +0 vampiric war axe
 n - a +0 war axe
 p - a +4 dagger of flaming (weapon)
Missiles
 d - 91 stones
 m - 3 boomerangs
 s - 63 sling bullets
 t - a throwing net
Armour
 a - a +0 robe
 o - a +0 helmet (worn)
 r - a +1 robe of willpower (worn)
Jewellery
 b - the cursed ring of Ashenzari's Doubts (right hand) {Int+6, Evo, Melee}
   (You took it off an orc on level 3 of the Dungeon)

   [ring of intelligence]

   Int:       It affects your intelligence (+6).
   It has a curse which improves the following skills: Evocations: Evocations.
   Melee Combat: Short Blades, Long Blades, Axes, Maces & Flails, Polearms,
   Staves and Unarmed Combat.
 e - the cursed ring "Bound With Me" (left hand) {Dex+6, Cun, Evo}
   (You found it on level 1 of the Dungeon)

   [ring of dexterity]

   Dex:       It affects your dexterity (+6).
   It has a curse which improves the following skills: Cunning: Dodging and
   Stealth.
   Evocations: Evocations.
 q - a ring of see invisible
 x - a +6 ring of intelligence
Wands
 j - a wand of iceblast (6)
 w - a wand of polymorph (8)
Scrolls
 l - a scroll of identify
Potions
 f - a potion of attraction
 g - 2 potions of berserk rage
 i - a potion of lignification
 k - 3 potions of haste
 u - a potion of might
 v - a potion of resistance


   Skills:
 + Level 6.4(7.3) Dodging
 + Level 5.3(6.1) Stealth
 + Level 5.4 Spellcasting
 + Level 0.0(0.1) Evocations


You couldn't memorise any spells.
You knew the following spells:

 Your Spells              Type           Power      Damage    Failure   Level
a - Freeze                Ice            100%       1d11      1%          1
b - Frozen Ramparts       Ice            66%        1d8       2%          3
c - Ozocubu's Armour      Ice            33%        N/A       2%          3
d - Hailstorm             Conj/Ice       33%        3d8       9%          4
e - Slow                  Hex            100%       N/A       1%          1
f - Poisonous Vapours     Pois/Air       66%        N/A       1%          2
g - Conjure Flame         Conj/Fire      33%        6-21      2%          3
Your spell library was empty.

Dungeon Overview and Level Annotations

Branches:
Dungeon (6/15)             Temple (1/1) D:4

Altars:
Ashenzari
Cheibriados
Dithmenos
Elyvilon
Fedhas
Gozag
Hepliaklqana
Kikubaaqudgha
Makhleb
Okawaru
Qazlal
Ru
Sif Muna
Trog
Uskayaw
Vehumet
Wu Jian
Xom
Yredelemnul
Zin
The Shining One

Shops:
D:4 *   D:6 !

Annotations:
D:5 3 runed translucent doors, sirJeffrey23's ghost, novice HOGl
D:6 Grinder


Innate Abilities, Weirdness & Mutations

You are immune to sickness and miasma.
You are immune to poison.
Your flesh is very heat resistant. (rF++)
You are vulnerable to cold. (rC-)
You float through the air rather than walking.
You learn spells naturally, not from books.
Your magical power is your life essence.
You have superior vitality. (+4 MHP)


Message History

The wight closely misses you.
Unknown command.
Casting: Freeze (safe; 1% risk of failure)
Confirm with . or Enter, or press ? or * to list all spells.
Aiming: Freeze (safe; 1% risk of failure)
Press: ? - help, Shift-Dir - straight line, f/p - wight
Aim: a wight, wielding a +3 morningstar and wearing a +0 robe (moderately damaged)
You freeze the wight but do no damage.
The wight completely resists.
The wight misses you.
Unknown command.
You closely miss the wight.
The wight is moderately damaged.
The wight closely misses you.
You hit the wight but do no damage.
The wight is moderately damaged.
The wight misses you.
You hit the wight but do no damage.
The wight is moderately damaged.
The wight barely misses you.
You closely miss the wight.
The wight is moderately damaged.
The wight hits you with a +3 morningstar!!
You hit the wight. You burn the wight.
The wight is heavily damaged.
The wight hits you with a +3 morningstar!
* * * LOW HITPOINT WARNING * * *
You hit the wight. You burn the wight.
The wight is severely damaged.
The wight misses you.
Unknown command.
Okay, then.
The wight hits you with a +3 morningstar.
* * * LOW HITPOINT WARNING * * *
Aiming: Iceblast
Press: ? - help, Shift-Dir - straight line, f/p - wight
Aim: a wight, wielding a +3 morningstar and wearing a +0 robe (heavily damaged)
The mass of ice explodes!
The iceblast engulfs the wight.
The wight is severely damaged.
The wight hits you with a +3 morningstar!
You die...

#.##### #.# ### #.# ..#
##.## ..###...#
############ ........#
#..........# ........#
#.######.#.#
#####...####.##.#.#.#.##
#...##..........@......#
..Z..#..####.##.#z#.#.##
###..##.# #.#.....>...#
. #..#.# #.##.#.#.#.###
.. #..#.##
#............# ..
#..#..# ####)#.#.#.#.#
$##..##..# #..........#
##W..#...## ##.#.#.#.#.#
..Z.##....## ##.##)###.#


You could see a wight.

Vanquished Creatures
  A water moccasin (D:6)
  An ogre (D:5)
  A phantom (D:5)
  3 scorpions
  An electric eel (D:6)
  2 bullfrog zombies (D:5)
  4 hounds
  A jelly (D:4)
  A gnoll shaman (D:4)
  A centaur skeleton (D:6)
  An orc priest (D:3)
  Jessica (D:3)
  3 iguanas
  An orc wizard (D:4)
  A killer bee zombie (D:6)
  3 gnolls (D:4)
  11 adders
  A shadow imp (D:6)
  3 worms
  A dart slug (D:3)
  7 orcs
  7 ball pythons
  5 bats
  9 endoplasms
  3 giant cockroaches (D:1)
  7 goblins
  5 hobgoblins
  3 jackals (D:4)
  5 quokkas
  9 frilled lizards
  5 kobolds
  5 rats
112 creatures vanquished.

Vanquished Creatures (others)
  4 fungi (D:2)
  67 plants
71 creatures vanquished.

Grand Total: 183 creatures vanquished

Notes
Turn   | Place    | Note
-------+----------+-------------------------------------------
     0 | D:1      | Zonian the Djinni Ice Elementalist began the quest for the
                  | Orb.
     0 | D:1      | Reached XP level 1. HP: 15/15 MP: 0/0
   652 | D:1      | Reached XP level 2. HP: 20/21 MP: 0/0
  2513 | D:2      | Reached XP level 3. HP: 24/25 MP: 0/0
  2513 | D:2      | Learned a level 1 spell: Slow
  2672 | D:2      | Reached skill level 3 in Dodging
  3257 | D:2      | Reached XP level 4. HP: 23/31 MP: 0/0
  3579 | D:2      | Found a faded altar of an unknown god.
  4991 | D:3      | Reached XP level 5. HP: 9/35 MP: 0/0
  4991 | D:3      | Learned a level 2 spell: Poisonous Vapours
  5791 | D:3      | Identified the +0 scale mail of Negligence {-Cast Str+4
                  | Dex+3}
  6066 | D:3      | Noticed Jessica
  6076 | D:3      | Killed Jessica
  6261 | D:3      | Found a blossoming altar of Fedhas.
  6939 | D:4      | Reached skill level 4 in Dodging
  6939 | D:4      | Reached XP level 6. HP: 31/40 MP: 0/0
  7256 | D:4      | Noticed an ogre
  7323 | D:4      | Found Yclib's Assorted Antiques.
  7334 | D:4      | Bought a fuming golden potion for 19 gold pieces
  7334 | D:4      | Bought a glowing brown potion for 19 gold pieces
  7334 | D:4      | Bought a sapphire potion for 19 gold pieces
  7334 | D:4      | Bought a scroll of teleportation for 66 gold pieces
  8827 | D:4      | Found a staircase to the Ecumenical Temple.
  8836 | Temple   | Entered the Ecumenical Temple
  9017 | Temple   | Became a worshipper of Ashenzari the Shackled
  9097 | D:5      | Entered Level 5 of the Dungeon
  9125 | D:5      | Noticed sirJeffrey23's ghost (novice HOGl)
  9211 | D:5      | Reached XP level 7. HP: 14/45 MP: 0/0
  9211 | D:5      | Learned a level 3 spell: Conjure Flame
  9835 | D:5      | Reached skill level 5 in Dodging
 10565 | D:5      | Found a runed translucent gate.
 10565 | D:5      | Found a runed translucent gate.
 10565 | D:5      | Found a runed translucent gate.
 10632 | D:5      | Reached skill level 5 in Spellcasting
 10632 | D:5      | Reached XP level 8. HP: 37/50 MP: 0/0
 11542 | D:6      | Reached skill level 6 in Dodging
 11676 | D:6      | Reached skill level 5 in Stealth
 11766 | D:6      | Noticed Grinder
 11830 | D:6      | Found Wadisk's Distillery.
 12408 | D:4      | Bought a glass wand for 88 gold pieces
 12461 | D:6      | Reached * piety under Ashenzari
 12539 | D:5      | Mangled by a wight

Illustrated notes

Levels and vault maps discovered:
D:1:      mainiacjoe_arrival_reflecting_pool, layout_basic,
          amcnicky_mini_pool_small
D:2:      layout_rooms, shapermc_ecumenical_altar_hornbeckon
D:3:      layout_loops_cross, fedhas_altar_2, uniq_jessica
D:4:      cheibrodos_old_hovel, layout_gridville, temple_green,
          nicolae_stop_n_shop_1
D:5:      layout_loops_corners, gammafunk_ghost_icy, st_stairs_9
D:6:      layout_rooms, serial_bayou, serial_bayou_lagoon_a,
          serial_bayou_shore_a, serial_bayou_shore_b, serial_bayou_lagoon_b,
          serial_shops, shop, uniq_grinder
Temple:   mainiacjoe_temple_starburst

Skill      XL: |  1  2  3  4  5  6  7  8 |
---------------+-------------------------+-----
Stealth        | 2 3 4 5 |  5.3
Dodging        | 3 4 5 6 |  6.4
Spellcasting   | 4 5 |  5.4

Action                   |  1- 3 |  4- 6 |  7- 9 || total
-------------------------+-------+-------+-------++-------
Melee: Dagger            |    24 |   109 |    98 ||   231
       Unarmed           |     1 |       |       ||     1
       Punch             |       |     1 |     3 ||     4
Throw: Boomerang         |       |     1 |       ||     1
       Throwing net      |       |       |     1 ||     1
 Cast: Freeze            |    39 |    41 |    23 ||   103
       Frozen Ramparts   |       |     7 |     2 ||     9
       Slow              |       |     1 |       ||     1
       Ozocubu's Armour  |       |       |     1 ||     1
       Hailstorm         |       |       |     1 ||     1
Invok: Curse Item        |       |       |     2 ||     2
Evoke: Wand              |       |       |     1 ||     1
  Use: Scroll            |       |    11 |     6 ||    17
       Potion            |       |     1 |     1 ||     2
 Stab: Sleeping          |     2 |    13 |     6 ||    21
       Distracted        |       |     1 |       ||     1
Armor: Robe              |    12 |    16 |    15 ||    43
Dodge: Dodged            |    42 |    98 |    80 ||   220

Table legend: (Time is in decaauts)
 A = Elapsed time spent in this place.
 B = Non-inter-level travel time spent in this place.
 C = Inter-level travel time spent in this place.
 D = Time resting spent in this place.
 E = Time spent auto-exploring this place.
 F = Levels seen in this place.
 G = Mean time per level.
                   A        B        C        D        E       F      G
               +--------+--------+--------+--------+--------+-----+--------+
         Total |  12549 |  12134 |    415 |   6608 |   3816 |   7 | 1792.7 |
       Dungeon |  12312 |  11951 |    361 |   6608 |   3647 |   6 | 2052.0 |
        Temple |    236 |    182 |     54 |      0 |    169 |   1 |  236.0 |
               +--------+--------+--------+--------+--------+-----+--------+

Top non-repeatable levels by time:
     D:2: 3168 daAuts
     D:5: 2238 daAuts
     D:1: 2188 daAuts
     D:4: 2068 daAuts
     D:3: 1449 daAuts
     D:6: 1199 daAuts
  Temple: 236 daAuts
